 Dungeon Crawl Stone Soup version 0.17.0-23-g0de4337 (console) character file.

702 nht the Basher (level 7, 0/67 HPs)
             Began as an Ogre Enchanter on Nov 14, 2015.
             Slain by an elf zombie (6 damage)
             ... in an ossuary.
             The game lasted 00:07:51 (4523 turns).

nht the Basher (Ogre Enchanter)                     Turns: 4523, Time: 00:07:51

Health: 0/67       AC:  7    Str: 16    XL:     7   Next: 66%
Magic:  10/10      EV: 10    Int: 14    God:
Gold:   234        SH:  0    Dex: 10    Spells: 1 memorised, 9 levels left

rFire  + . .     SeeInvis .     v - +0 flail
rCold  . . .     Clarity  .     b - +2 robe
rNeg   . . .     SustAt   .     (no shield)
rPois  .         Gourm    .     h - +2 hat
rElec  .         Spirit   .     (no cloak)
rCorr  .         Warding  .     (gloves unavailable)
rMut   .         Stasis   .     (boots unavailable)
MR     .....                    (no amulet)
Stlth  ++........               l - ring of flight
                                w - ring of protection from fire

@: not resistant to hostile enchantments, unstealthy
A: unfitting armour, tough skin 1
a: Evoke Flight


You were in an ossuary.
You were very hungry.

You visited 1 branch of the dungeon, and saw 5 of its levels.
You also visited: Ossuary.

You collected 234 gold pieces.

Inventory:

Hand Weapons
 a - a +1 dagger
 k - a +0 club
 v - a +0 flail (weapon)
Missiles
 m - 4 large rocks (quivered)
 y - 2 tomahawks
Armour
 b - a +2 robe (worn)
 h - a +2 hat (worn)
Jewellery
 l - a ring of flight (right hand)
 w - a ring of protection from fire (left hand)
Wands
 f - a wand of random effects (15)
Scrolls
 e - 3 scrolls of identify
 t - a scroll of fear
Potions
 j - 4 potions of curing
 u - a potion of flight
Books
 c - a book of Maledictions

   Spells                             Type                      Level
   a - Corona                         Hexes                        1
   b - Ensorcelled Hibernation        Hexes/Ice                    2
   c - Confuse                        Hexes                        3
   d - Tukima's Dance                 Hexes                        3
   e - Dazzling Spray                 Conjuration/Hexes            3
Comestibles
 d - 2 bread rations
 o - a meat ration
 q - a beef jerky


   Skills:
 - Level 3.0 Fighting
 - Level 0.5 Short Blades
 + Level 10.0 Maces & Flails
 - Level 1.7 Dodging
 - Level 2.4 Stealth
 - Level 2.4 Spellcasting
 - Level 2.1 Hexes


You had 9 spell levels left.
You knew the following spells:

 Your Spells              Type           Power        Failure   Level  Hunger
a - Corona                Hex            #......      12%         1    #......


Dungeon Overview and Level Annotations

Branches:
Dungeon (5/15)
 Temple: D:4-7

Altars:
Gozag
Nemelex Xobeh


Innate Abilities, Weirdness & Mutations

You are too large for most types of armour.
You have tough skin (AC +1).


Message History

You thump the elf zombie!
The elf zombie hits you but does no damage.
You sock the elf zombie! The elf zombie hits you.
* * * LOW HITPOINT WARNING * * *
You hit the elf zombie but do no damage.
The elf zombie hits you.
* * * LOW HITPOINT WARNING * * *
You hit the elf zombie. You hit the elf zombie.
The elf zombie hits you but does no damage.
You sock the elf zombie!
You destroy the elf zombie!
Your Maces & Flails skill increases to level 10!
You thump the elf zombie! You barely miss the elf zombie.
The elf zombie hits you.
* * * LOW HITPOINT WARNING * * *
You closely miss the elf zombie. The elf zombie hits you.
* * * LOW HITPOINT WARNING * * *
You sock the elf zombie! The elf zombie hits you.
You die...

█.........∩∩.M.......█
█....Z.......Z.......█
█...██████████████...█
█...█ Z..█ █...█ █...█
█...█ █...█ █..Z█
....+████...█ █.ZM██
█.∩.....█...█ █...█.
█.......█...█ █...█.
█.......█M..█
█...█.████.......█MZ.█
█..Z█..@Z........█...█
█...█.████..████.█Z..█
█...█. █Z.█ █...█
█...█. █..█ █...█
█...██████.Z██████...█
█..M..........Z.ZZ...█
█........8..8........█
█....................█
█....................█


██████████████████████ You could see an elf zombie.

Vanquished Creatures
  3 elf zombies (Ossuary)
  A centaur zombie (Ossuary)
  An orc priest (D:3)
  A hound (D:2)
  A centaur skeleton (D:4)
  Ijyb (D:2)
  Jessica (D:3)
  A sheep (D:2)
  2 worker ants
  A mummy (Ossuary)
  6 gnolls
  6 adders
  A shadow imp (D:5)
  An ooze (D:2)
  A worm (D:2)
  2 giant geckos (D:3)
  9 orcs
  5 bats
  5 giant cockroaches
  5 hobgoblins
  6 jackals
  9 kobolds
  A quokka (D:4)
  2 giant newts
  12 goblins
  A goblin zombie (Ossuary)
  9 hobgoblin zombies (Ossuary)
  9 kobold zombies (Ossuary)
  6 orc zombies (Ossuary)
  4 rats
  A rat zombie (Ossuary)
114 creatures vanquished.

Notes
Turn   | Place    | Note
--------------------------------------------------------------
     0 | D:1      | nht the Ogre Enchanter began the quest for the Orb.
     0 | D:1      | Reached XP level 1. HP: 16/16 MP: 3/3
    20 | D:1      | Reached skill level 1 in Fighting
   195 | D:1      | Reached XP level 2. HP: 22/28 MP: 5/5
   537 | D:1      | Reached skill level 3 in Fighting
   724 | D:2      | Reached skill level 1 in Maces & Flails
   724 | D:2      | Reached XP level 3. HP: 23/37 MP: 6/6
  1444 | D:2      | Reached XP level 4. HP: 43/45 MP: 7/7
  1477 | D:2      | Found an opulent altar of Gozag.
  1563 | D:2      | Noticed Ijyb
  1576 | D:2      | Killed Ijyb
  1576 | D:2      | Reached skill level 4 in Maces & Flails
  1606 | D:2      | Reached XP level 5. HP: 23/53 MP: 8/8
  1731 | D:2      | Reached skill level 5 in Maces & Flails
  1940 | D:2      | Reached skill level 6 in Maces & Flails
  2343 | D:3      | Noticed Jessica
  2354 | D:3      | Killed Jessica
  2354 | D:3      | Reached XP level 6. HP: 46/61 MP: 9/9
  2510 | D:4      | Reached skill level 7 in Maces & Flails
  2570 | D:4      | Found a glowing drain.
  2821 | D:4      | Found a sparkling altar of Nemelex Xobeh.
  3625 | D:4      | Reached skill level 8 in Maces & Flails
  3943 | D:5      | Entered Level 5 of the Dungeon
  4034 | D:5      | Found a sand-covered staircase.
  4059 | Ossuary  | Entered an ossuary
  4234 | Ossuary  | Reached XP level 7. HP: 60/67 MP: 10/10
  4464 | Ossuary  | Reached skill level 9 in Maces & Flails
  4519 | Ossuary  | Reached skill level 10 in Maces & Flails
  4523 | Ossuary  | Slain by an elf zombie

Action                   |  1- 3 |  4- 6 |  7- 9 || total
-------------------------+-------+-------+-------++-------
Melee: Dagger            |   128 |    67 |       ||   195
       Flail             |       |   189 |   143 ||   332
Throw: Large rock        |    13 |    11 |       ||    24
Evoke: Wand              |       |     9 |       ||     9
  Use: Potion            |       |     7 |     1 ||     8
       Scroll            |       |     8 |       ||     8
 Stab: Sleeping          |     2 |       |       ||     2
  Eat: Chunk             |     2 |     9 |       ||    11
